 Dungeon Crawl Stone Soup version 0.28.0-53-g5a82cb258f (webtiles) character file.

Game seed: 1014242203486269949

31 protoss039 the Digger (level 3, 19/26 HPs)
             Began as a Demonspawn Earth Elementalist on June 10, 2022.
             Got out of the dungeon alive.
             The game lasted 00:01:38 (1459 turns).

protoss039 the Digger (DsEE)                        Turns: 1459, Time: 00:01:39

Health: 19/26      AC:  2    Str:  8    XL:     3   Next: 7%
Magic:  4/6        EV: 16    Int: 18    God:
Gold:   21         SH:  0    Dex: 13    Spells: 3/6 levels left

rFire   + . .      SeeInvis .   i - staff of poison
rCold   . . .      Faith    .   (no shield)
rNeg    . . .      Spirit   .   b - +0 robe
rPois   +          Reflect  .   (helmet restricted)
rElec   .          Harm     .   (no cloak)
rCorr   .          Rampage  .   (no gloves)
Will    .....                   (no boots)
Stlth   ++........              (no amulet)
HPRegen 0.08/turn               a - +4 ring of evasion
MPRegen 0.10/turn               f - ring of protection from fire

@: no status effects
A: antennae 1, powered by death 1
a: no special abilities


You escaped.
You visited 1 branch of the dungeon, and saw 2 of its levels.

You collected 21 gold pieces.

Inventory:

Hand Weapons
 h - a +0 club
Missiles
 c - 15 stones
Armour
 b - a +0 robe (worn)
Magical Staves
 i - a staff of poison (weapon)
Jewellery
 a - a +4 ring of evasion (left hand)
 f - a ring of protection from fire (right hand)
Scrolls
 d - a scroll of fear {unknown}
Potions
 e - a potion of might {unknown}
 g - a potion of resistance {unknown}


   Skills:
 * Level 1.6 Fighting
 + Level 0.8 Armour
 - Level 1.7 Dodging
 - Level 1.7 Stealth
 + Level 2.3 Spellcasting
 - Level 1.0 Transmutations
 + Level 2.9 Earth Magic


You had 3 spell levels left.
You knew the following spells:

 Your Spells              Type           Power      Damage    Failure   Level
a - Sandblast             Erth           24%        2d8       5%          1
b - Passwall              Tmut/Erth      7%         N/A       12%         2

Your spell library contained the following spells:

 Spells                   Type           Power      Damage    Failure   Level
 Stone Arrow              Conj/Erth      14%        3d7       28%         3
 Petrify                  Tmut/Erth      9%         N/A       61%         4


Dungeon Overview and Level Annotations

Branches:
Dungeon (2/15)

Altars:
Hepliaklqana


Innate Abilities, Weirdness & Mutations

You have a pair of small antennae on your head.
You regenerate a little health from kills.


Message History

The adder is almost dead.
You feel sick. The adder misses you.
Casting: Sandblast (safe; 6% risk of failure)
Confirm with . or Enter, or press ? or * to list all spells.
Aiming: Sandblast (safe; 6% risk of failure)
Press: ? - help, Shift-Dir - straight line, f/p - adder
Aim: an adder (almost dead, 66% to hit)
The blast of sand misses the adder.
You feel sick. The adder bites you. The adder misses you.
Unknown command.
Unknown command.
Casting: Sandblast (safe; 6% risk of failure)
Confirm with . or Enter, or press ? or * to list all spells.
You don't have enough magic to cast this spell.
Unknown command.
You feel sick.
You are no longer poisoned.
i - a staff of poison (weapon)
Unknown command.
Unknown command.
You hit the adder.
You kill the adder!
You have reached level 3!
Your experience leads to an increase in your attributes!
Increase (S)trength, (I)ntelligence, or (D)exterity?
You feel clever. x2; Your demonic ancestry asserts itself...
A pair of antennae grows on your head!
Unknown command.
You now have 21 gold pieces (gained 5).
Found a leather armour.
There is an escape hatch in the ceiling here.
A mysterious force pulls you upwards. The hatch slams shut behind you.
There is an open door here.
There is a staircase leading out of the dungeon here.
Are you sure you want to leave the Dungeon?
This will make you lose the game! [Y]es or [N]o only, please.
Are you sure you want to leave the Dungeon?
This will make you lose the game! [Y]es or [N]o only, please.
Are you sure you want to leave the Dungeon?
This will make you lose the game!
You have escaped!

##### ##8.8###
#### #......#
##..# #......#
##.≈..
##..8...#####...≈≈
#8....[.#.........
#@......'......≈.≈
#8......#.####...≈
##..8...#.####.#..
#......#.#.......
#......#......##.
##8.8###.#.#####.
##### #.#.# #.
#..# #.#.# #. #..#
#.#.# #.


There were no monsters in sight!

Vanquished Creatures
  An adder (D:2)
  3 ball pythons
  3 giant cockroaches
  5 goblins
  A hobgoblin (D:2)
  A kobold (D:1)
  2 bats (D:1)
  2 frilled lizards (D:1)
  2 rats
20 creatures vanquished.

Vanquished Creatures (others)
  10 plants (D:2)
10 creatures vanquished.

Grand Total: 30 creatures vanquished

Notes
Turn   | Place    | Note
-------+----------+-------------------------------------------
     0 | D:1      | protoss039 the Demonspawn Earth Elementalist began the
                  | quest for the Orb.
     0 | D:1      | Reached XP level 1. HP: 13/13 MP: 3/3
   429 | D:1      | Reached skill level 1 in Transmutations
   699 | D:1      | Reached skill level 1 in Fighting
   699 | D:1      | Gained mutation: You regenerate a little health from kills.
                  | [demonic ancestry]
   699 | D:1      | Reached XP level 2. HP: 21/21 MP: 5/5
  1232 | D:2      | Learned a level 2 spell: Passwall
  1314 | D:2      | Found a hazy altar of Hepliaklqana.
  1418 | D:2      | Gained mutation: You have a pair of small antennae on your
                  | head. [demonic ancestry]
  1418 | D:2      | Reached XP level 3. HP: 15/26 MP: 0/6
  1459 | D:$      | Got out of the dungeon alive.

Illustrated notes

Levels and vault maps discovered:
D:1:      mrwooster_arrival_statue_3, layout_loops_ring, serial_rivers,
          chequers_serial_rivers_room_b, chequers_serial_rivers_room_b,
          chequers_serial_rivers_room_a, chequers_serial_rivers_small_3,
          chequers_serial_rivers_micro_c, chequers_serial_rivers_large_a
D:2:      layout_loops_ring, ebering_ecumenical_altar_abandoned, basic_altar,
          serial_bayou_lagoon_b

Skill      XL: |  1 |
---------------+----+-----
Transmutations | 1 |  1.0
Fighting       | 1 |  1.6
Armour         | |  0.8
Dodging        | |  1.7
Stealth        | |  1.7
Spellcasting   | |  2.3
Earth Magic    | |  2.9

Action                   || total
-------------------------++-------
Melee: Unarmed           ||    24
       Dagger            ||     8
       Club              ||    52
       Staff             ||     1
 Cast: Sandblast         ||    15
 Stab: Sleeping          ||     3
Armor: Robe              ||    14
Dodge: Dodged            ||    91
